 Dungeon Crawl Stone Soup version 0.27-a0-1065-ge809cff456 (webtiles) character file.

Game seed: 4149002630419244749

7135 Nvm9 the Cleaver (level 10, 0/77 HPs)
             Began as a Demonspawn Fighter on Apr 23, 2021.
             Was a Believer of Qazlal.
             Killed by vampiric draining
             ... invoked by a vampire
              (10 damage)
             ... on level 11 of the Dungeon.
             The game lasted 00:20:19 (11040 turns).

Nvm9 the Cleaver (Demonspawn Fighter)              Turns: 11040, Time: 00:20:20

Health: 0/77       AC: 23    Str: 20    XL:     10   Next: 85%
Magic:  10/10      EV:  5    Int:  9    God:    Qazlal [**....]
Gold:   380        SH: 14    Dex: 13    Spells: 9/9 levels left

rFire    . . .     SeeInvis +   e - +1 hand axe (venom)
rCold    . . .     Faith    .   c - +0 kite shield
rNeg     . . .     Spirit   .   m - +0 plate armour
rPois    .         Reflect  .   (helmet restricted)
rElec    .         Harm     .   Q - +0 cloak
rCorr    .         Rampage  .   k - +1 pair of gloves
Will     .....                  (no boots)
Stlth    ..........             (no amulet)
HPRegen  0.22/turn              x - +4 ring of protection
MPRegen  0.12/turn              E - ring of see invisible

@: no status effects
A: horns 2, molten scales 1, powered by death 1
a: Renounce Religion, Upheaval


You were on level 11 of the Dungeon.
You worshipped Qazlal.
Qazlal was pleased with you.
You visited 2 branches of the dungeon, and saw 11 of its levels.
You also visited: Ossuary.

You collected 500 gold pieces.
You spent 120 gold pieces at shops.

Inventory:

Hand Weapons
 a - a +0 war axe
 b - a +0 war axe
 d - a +1 vampiric scythe
 e - a +1 hand axe of venom (weapon)
 l - a +0 dire flail of protection
 o - a +1 dagger of electrocution
 y - a +2 short sword of venom
 H - a +2 dagger of draining
 L - a +5 scimitar
 M - a +2 vorpal scimitar
 S - a +0 whip of electrocution
Missiles
 i - 4 javelins (quivered)
 t - 2 curare-tipped darts
 u - 42 poisoned darts
 z - 6 silver javelins
Armour
 c - a +0 kite shield (worn)
 k - a +1 pair of gloves (worn)
 m - a +0 plate armour (worn)
 n - a scarf of harm
 r - a +0 ring mail of poison resistance
 B - a +3 ring mail of willpower
 I - a +0 pair of gloves
 O - the +1 robe of a Labyrinth {Int+4}
   (You took it off an orc wizard on level 9 of the Dungeon)

   It affects your intelligence (+4).
 Q - a +0 cloak (worn)
Jewellery
 x - a +4 ring of protection (left hand)
 D - a ring of flight
 E - a ring of see invisible (right hand)
 T - a +6 ring of intelligence
Wands
 g - a wand of polymorph (7)
 N - a wand of iceblast (11)
 P - a wand of flame (13)
Scrolls
 f - 9 scrolls of identify
 p - a scroll of teleportation
 A - a scroll of amnesia {unknown}
 C - 2 scrolls of fog {unknown}
 J - a scroll of acquirement {unknown}
 K - 2 scrolls of enchant weapon {unknown}
 R - a scroll of fear
Potions
 h - 3 potions of lignification
 j - 2 potions of flight
 q - 3 potions of attraction
 s - a potion of invisibility
 v - a potion of brilliance
 F - a potion of ambrosia {unknown}
 G - 2 potions of resistance {unknown}


   Skills:
 + Level 6.8 Fighting
 * Level 4.0 Long Blades
 + Level 8.8 Axes
 * Level 8.4 Armour
 - Level 2.2 Dodging
 - Level 0.8 Stealth
 + Level 7.1 Shields


You had 9 spell levels left.
You didn't know any spells.
Your spell library contained the following spells:

 Spells                   Type           Power      Damage    Failure   Level
 Confusing Touch          Hex            0%         N/A       100%        3
 Gell's Gravitas          Tloc           0%         N/A       100%        3
 Petrify                  Tmut/Erth      0%         N/A       100%        4
 Metabolic Englaciation   Hex/Ice        0%         N/A       100%        5
 Yara's Violent Unravell  Hex/Tmut       0%         3d3       100%        5


Dungeon Overview and Level Annotations

Branches:
Dungeon (11/15)            Temple (1/1) D:6             Orc (0/2) D:9
Ossuary (visited)
   Lair: D:8-11

Altars:
Ashenzari
Cheibriados
Dithmenos
Elyvilon
Fedhas
Gozag
Hepliaklqana
Kikubaaqudgha
Makhleb
Nemelex Xobeh
Okawaru
Qazlal
Ru
Sif Muna
Trog
Uskayaw
Vehumet
Wu Jian
Xom
Yredelemnul
Zin
The Shining One

Shops:
D:5 *   D:6 *


Innate Abilities, Weirdness & Mutations

You have a pair of horns on your head.
You are partially covered in molten scales. (AC +2)
You regenerate a little health from kills.


Message History

The vampire is almost destroyed.
The vampire barely misses you. The vampire bites you!
The vampire draws strength from your injuries!
You hit the vampire. You headbutt the vampire.
The vampire is almost destroyed.
The vampire hits you. The vampire bites you.
The vampire draws strength from your injuries!
You hit the vampire but do no damage.
The vampire is almost destroyed.
The vampire hits you but does no damage.
You block the vampire's attack.
You hit the vampire. Your headbutt misses the vampire.
The vampire is almost destroyed.
The vampire draws life force from you!
* * * LOW HITPOINT WARNING * * *
The vampire is healed by the life force!
You barely miss the vampire.
The vampire is almost destroyed.
You block the vampire's attack. x2
Your shield and plate armour prevent you from hitting the vampire.
The vampire is almost destroyed.
The vampire draws life force from you!
* * * LOW HITPOINT WARNING * * *
The vampire is healed by the life force!
You barely miss the vampire. Your headbutt misses the vampire.
The vampire is heavily damaged.
You block the vampire's attack. The vampire barely misses you.
You closely miss the vampire.
The vampire is heavily damaged.
The vampire hits you but does no damage.
The vampire bites you but does no damage.
The vampire hits you!
* * * LOW HITPOINT WARNING * * *
You block the vampire's attack.
You feel better. You block the vampire's attack. x2
You hit the vampire but do no damage.
You headbutt the vampire, but do no damage.
The vampire is heavily damaged.
The vampire draws life force from you!
You die...

##+###### ##
#.......# ..#
#..)....+ ...
#.......#
#..#.......#
..#.#.#.#...#
.......@....#
.##.#.#V#...#
#....<.....#
##.#.#.#+###
#........#
##.#.#.###
####... ...
#....


You could see a vampire (invisible).

Vanquished Creatures
  2 trolls
  A hornet (D:7)
  2 shadows
  9 yaks
  A wyvern (D:10)
  Sigmund (D:2)
  A steam dragon (D:8)
  Edmund (D:6)
  Duvessa (D:7)
  3 sky beasts
  2 orc warriors
  3 centaurs
  A phantom (D:6)
  4 kobold brigands
  2 gnoll sergeants (D:10)
  A bullfrog (D:6)
  2 wyvern zombies
  Dowan (D:7)
  A water moccasin skeleton (D:4)
  14 wights
  5 killer bees (D:9)
  3 howler monkeys (D:10)
  A bullfrog zombie (D:5)
  6 centaur zombies
  3 hounds
  3 jellies
  A human zombie (Ossuary)
  4 orc priests
  2 centaur skeletons
  Jessica (D:2)
  3 iguanas
  6 orc wizards
  A hound zombie (D:5)
  A hound skeleton (D:4)
  3 mummies
  3 howler monkey zombies
  6 gnolls (D:10)
  6 adders
  3 shadow imps
  3 white imps
  An ufetubus (D:7)
  3 adder skeletons
  4 adder zombies (Ossuary)
  4 dart slugs
  22 orcs
  3 ball pythons (D:1)
  A bat (D:1)
  5 endoplasms
  3 goblins
  9 hobgoblins
  8 jackals (D:1)
  2 quokkas
  6 frilled lizards
  6 goblin zombies
  7 hobgoblin zombies
  23 kobolds
  A kobold skeleton (D:5)
  5 kobold zombies (Ossuary)
  3 orc skeletons (D:5)
  15 orc zombies
  3 rats
  A rat zombie (Ossuary)
252 creatures vanquished.

Notes
Turn   | Place    | Note
-------+----------+-------------------------------------------
     0 | D:1      | Nvm9 the Demonspawn Fighter began the quest for the Orb.
     0 | D:1      | Reached XP level 1. HP: 18/18 MP: 1/1
   404 | D:1      | Gained mutation: You have a pair of small horns on your
                  | head. [demonic ancestry]
   404 | D:1      | Reached XP level 2. HP: 5/24 MP: 2/2
   756 | D:1      | Found a faded altar of an unknown god.
  1129 | D:1      | Reached XP level 3. HP: 29/29 MP: 3/3
  1437 | D:2      | Noticed Sigmund
  1445 | D:2      | Killed Sigmund
  1446 | D:2      | Reached XP level 4. HP: 25/35 MP: 4/4
  1446 | D:2      | Gained mutation: You regenerate a little health from kills.
                  | [demonic ancestry]
  1446 | D:2      | Reached XP level 5. HP: 29/41 MP: 5/5
  1521 | D:2      | Reached skill level 1 in Dodging
  1588 | D:2      | Found a shadowy altar of Dithmenos.
  1647 | D:2      | Noticed Jessica
  1656 | D:2      | Killed Jessica
  1752 | D:2      | You fall into a shaft and drop 2 floors!
  1784 | D:4      | Reached XP level 6. HP: 40/47 MP: 6/6
  2669 | D:5      | Entered Level 5 of the Dungeon
  2735 | D:5      | Found Wuinogor's Assorted Antiques.
  2753 | D:5      | Bought a glowing hand axe for 120 gold pieces
  3144 | D:5      | Noticed a sky beast
  3155 | D:5      | Killed a sky beast
  3376 | D:5      | Reached XP level 7. HP: 54/54 MP: 7/7
  4181 | D:6      | Found Muunoc's Merry Market.
  4256 | D:6      | Reached skill level 5 in Axes
  4327 | D:6      | Found a sand-covered staircase.
  4334 | Ossuary  | Entered an ossuary
  4679 | Ossuary  | Reached XP level 8. HP: 61/61 MP: 8/8
  5392 | D:6      | Found a staircase to the Ecumenical Temple.
  5393 | D:6      | Noticed Edmund
  5421 | D:6      | Killed Edmund
  5578 | Temple   | Entered the Ecumenical Temple
  5692 | Temple   | Became a worshipper of Qazlal Stormbringer
  5873 | D:7      | Reached skill level 5 in Armour
  5873 | D:7      | Reached skill level 5 in Shields
  6369 | D:7      | Noticed a hornet
  6373 | D:7      | Killed a hornet
  6374 | D:7      | Gained mutation: You are partially covered in molten
                  | scales. (AC +2) [demonic ancestry]
  6374 | D:7      | Reached XP level 9. HP: 31/67 MP: 9/9
  6769 | D:7      | Reached skill level 5 in Fighting
  6939 | D:7      | Noticed Duvessa
  6939 | D:7      | Noticed Dowan
  6954 | D:7      | Killed Dowan
  6956 | D:7      | Killed Duvessa
  8664 | D:9      | Noticed a troll
  8669 | D:9      | Found a staircase to the Orcish Mines.
  8683 | D:9      | Killed a troll
  8864 | D:9      | Reached * piety under Qazlal
  8869 | D:9      | Gained mutation: You have a pair of horns on your head.
                  | [demonic ancestry]
  8869 | D:9      | Reached XP level 10. HP: 29/73 MP: 10/10
  9227 | D:9      | Reached skill level 1 in Long Blades
  9600 | D:9      | Identified the +1 robe of a Labyrinth {Int+4}
 10225 | D:10     | Entered Level 10 of the Dungeon
 10252 | D:10     | Reached ** piety under Qazlal
 11038 | D:11     | HP: 1/77 [vampire (8)]
 11040 | D:11     | Killed from afar by a vampire

Illustrated notes

Levels and vault maps discovered:
D:1:      beargit_arrival_greenhouse, layout_loops_ring,
          ebering_ecumenical_altar_webs
D:2:      layout_rooms, basic_altar, hangedman_decor_clover_reticule,
          minivault_25, uniq_jessica, uniq_sigmund
D:4:      layout_cave_pods, abandoned_shop
D:5:      minmay_chambers_of_threes, layout_loops_cross,
          nicolae_tso_besieged_by_evil, serial_shops, nicolae_shop_statue_plus
D:6:      layout_gridville, temple_fountains, nicolae_ossuary_entry_giza,
          grunt_ministairs_15, nicolae_alphabet_shops, uniq_edmund
D:7:      layout_loops_ring, roderic_roman_lattice, uniq_duvessa
D:8:      layout_gridville
D:9:      layout_gridville, orc_david_3, minmay_statues_item, centaur_isle
D:10:     layout_rooms
D:11:     layout_roguey, lair_entry_dummy, st_stairs_8, uniq_psyche,
          uniq_harold, uniq_erica
Temple:   kilobyte_greek_temple

Skill      XL: |  1  2  3  4  5  6  7  8  9 10 |
---------------+-------------------------------+-----
Shields        | 3 4 5 6 7 |  7.1
Axes           | 2 3 4 5 6 8 |  8.8
Armour         | 3 4 5 7 8 |  8.4
Dodging        | 1 2 |  2.2
Fighting       | 4 6 |  6.8
Long Blades    | 4 |  4.0
Stealth        | |  0.8

Action                   |  1- 3 |  4- 6 |  7- 9 | 10-12 || total
-------------------------+-------+-------+-------+-------++-------
Melee: War axe           |    77 |    72 |       |       ||   149
       Headbutt          |     9 |    21 |    88 |    45 ||   163
       Hand axe          |       |    52 |   419 |   232 ||   703
       Scimitar          |       |       |       |     4 ||     4
Invok: Upheaval          |       |       |       |     1 ||     1
Evoke: Wand              |       |       |     1 |       ||     1
  Use: Potion            |     2 |     2 |     2 |     7 ||    13
       Scroll            |       |     5 |     5 |     2 ||    12
Armor: Scale mail        |    52 |    13 |       |       ||    65
       Plate armour      |       |    57 |   277 |   225 ||   559
       Skin              |       |       |    18 |       ||    18
Dodge: Dodged            |    17 |    21 |    86 |    71 ||   195
Block: Kite shield       |    40 |    60 |   256 |   264 ||   620

Table legend: (Time is in decaauts)
 A = Elapsed time spent in this place.
 B = Non-inter-level travel time spent in this place.
 C = Inter-level travel time spent in this place.
 D = Time resting spent in this place.
 E = Time spent auto-exploring this place.
 F = Levels seen in this place.
 G = Mean time per level.
                   A        B        C        D        E       F      G
               +--------+--------+--------+--------+--------+-----+--------+
         Total |  11220 |  11022 |    198 |   2915 |   5981 |  12 |  935.0 |
       Dungeon |  10673 |  10490 |    183 |   2898 |   5850 |  10 | 1067.3 |
        Temple |    164 |    149 |     15 |      0 |    131 |   1 |  164.0 |
       Ossuary |    382 |    382 |      0 |     17 |      0 |   1 |  382.0 |
               +--------+--------+--------+--------+--------+-----+--------+

Top non-repeatable levels by time:
     D:7: 1649 daAuts
     D:9: 1599 daAuts
     D:5: 1537 daAuts
     D:1: 1413 daAuts
     D:8: 1163 daAuts
     D:6: 1146 daAuts
     D:4: 941 daAuts
    D:10: 701 daAuts
     D:2: 402 daAuts
 Ossuary: 382 daAuts
  Temple: 164 daAuts
    D:11: 118 daAuts
